 Dungeon Crawl Stone Soup version 0.21.1-1-g345015f (webtiles) character file.

24 shakethe the Ducker (level 2, 0/23 HPs)
             Began as a Demonspawn Gladiator on Feb 27, 2018.
             Slain by a gnoll
             ... wielding a +0 whip
              (4 damage)
             ... on level 2 of the Dungeon.
             The game lasted 00:00:23 (754 turns).

shakethe the Ducker (Demonspawn Gladiator)           Turns: 754, Time: 00:00:24

Health: 0/23       AC:  4    Str: 14    XL:     2   Next: 79%
Magic:  2/2        EV: 13    Int:  9    God:
Gold:   26         SH:  0    Dex: 14    Spells: 1/1 levels left

rFire    . . .     SeeInvis .   a - +0 war axe
rCold    . . .     Gourm    .   (no shield)
rNeg     . . .     Faith    .   b - +0 leather armour
rPois    .         Spirit   .   c - +0 helmet
rElec    .         Reflect  .   (no cloak)
rCorr    .         Harm     .   (no gloves)
MR       .....                  (no boots)
Stlth    +.........             (no amulet)
HPRegen  0.07/turn              (no ring)
MPRegen  0.08/turn              (no ring)

@: no status effects
A: demonic guardian 1
a: no special abilities


You were on level 2 of the Dungeon.
You were not hungry.

You visited 1 branch of the dungeon, and saw 2 of its levels.

You collected 26 gold pieces.

Inventory:

Hand Weapons
 a - a +0 war axe (weapon)
Missiles
 d - 3 throwing nets {=f, !d}
Armour
 b - a +0 leather armour (worn)
 c - a +0 helmet (worn)
Scrolls
 h - a scroll of fog {unknown}
 i - a scroll of identify {unknown}
Potions
 e - a potion of heal wounds {unknown}
 g - a potion of ambrosia {unknown}
 j - a potion of might {unknown}
Comestibles
 f - 3 rations


   Skills:
 + Level 2.4 Fighting
 + Level 3.0 Axes
 + Level 2.1 Throwing
 + Level 3.0 Dodging


You had one spell level left.
You didn't know any spells.

Dungeon Overview and Level Annotations

Branches:
Dungeon (2/15)

Altars:


Innate Abilities, Weirdness & Mutations

A weak demonic guardian rushes to your aid.


Message History

No target in view!
No target in view!
No target in view!
No target in view!
No target in view!
No target in view!
No target in view!
No target in view!
No target in view!
No target in view!
Things that are here:
a club; a hobgoblin corpse
Things that are here:
a club; a hobgoblin corpse You see here a kobold corpse.
f - 3 rations (gained 1)
j - a purple potion You open the door.
There is an open door here.
As you open the door, it creaks loudly!
There is an open door here.
There is an open door here.
Done exploring.
Done exploring.
Done exploring.
Done exploring.
Done exploring.
No target in view!
Done exploring.
Done exploring.
Done exploring.
Done exploring.
Done exploring.
Unknown command.
Done exploring.
No target in view!
Done exploring.
No target in view!
Done exploring.
No target in view!
Done exploring.
No target in view!
Done exploring.
Done exploring.
(D) Dungeon
Where to? (? - help)
There is an open door here.
You see here a ring mail.
There is a stone staircase leading down here.
You climb downwards.
A leopard gecko and 2 goblins come into view.
The goblin shouts!
The leopard gecko hisses angrily.
Found a ration.
Found an escape hatch in the ceiling.
Found a stone staircase leading up.
There is a stone staircase leading up here.
You completely miss the goblin. The goblin hits you but does no damage.
You hit the goblin.
You kill the goblin!
The leopard gecko barely misses you.
You closely miss the leopard gecko.
The leopard gecko bites you but does no damage.
The leopard gecko barely misses you.
You hit the goblin.
You hit the leopard gecko but do no damage.
The goblin closely misses you. The leopard gecko bites you.
A worm and 2 gnolls come into view.
You take 1 damage, and have 21/22 hp.
You barely miss the goblin.
The gnoll shouts! x2
You slash the leopard gecko!
You kill the leopard gecko!
The goblin hits you but does no damage.
The gnoll moves out of view.
The goblin hits you but does no damage.
You barely miss the goblin. The goblin hits you but does no damage.
Your iron imp hits the goblin.
The goblin dies!
Things that are here:
a dagger; a goblin corpse A giant cockroach and a gnoll come into view.
The gnoll shouts!
You hear a shout!
Your iron imp hits the worm.
The gnoll closely misses you. The worm completely misses you.
You slash the worm! You barely miss the gnoll.
Your iron imp hits the worm.
The worm dies!
The gnoll hits you with a club. The gnoll barely misses you.
A hobgoblin comes into view. It is wielding a club.
You closely miss the gnoll. You hit the gnoll.
Your iron imp hits the gnoll!
The gnoll closely misses you. The gnoll hits you with a whip.
Your iron imp hits the gnoll!
The gnoll dies!
Your Axes skill increases to level 3!
Your Dodging skill increases to level 3!
You barely miss the gnoll. You hit the gnoll. The gnoll closely misses you.
The gnoll barely misses you.
Your iron imp hits the giant cockroach.
The giant cockroach dies!
You hit the gnoll. You barely miss the gnoll. The gnoll closely misses you.
The gnoll hits you with a flail!
* * * LOW HITPOINT WARNING * * *
The gnoll hits you with a whip.
You die...

#....#.......
+....<.......
###....#......
......#....#
#........#####
#....#........
#..g..).......
#..5@)<.......
#..g..........
.............####
....g###.....#
...%. #.....#
.... ...<.... ...
#.....### ...
#.....#


You could see 2 gnolls, a hobgoblin and a friendly iron imp.

Vanquished Creatures
  3 leopard geckos
  A goblin (D:2)
  2 hobgoblins (D:1)
  A frilled lizard (D:1)
  3 kobolds (D:1)
  A rat (D:1)
11 creatures vanquished.

Vanquished Creatures (collateral kills)
  A gnoll (D:2)
  A worm (D:2)
  A giant cockroach (D:2)
  A goblin (D:2)
4 creatures vanquished.

Grand Total: 15 creatures vanquished

Notes
Turn   | Place    | Note
-------+----------+-------------------------------------------
     0 | D:1      | shakethe the Demonspawn Gladiator began the quest for the Orb.
     0 | D:1      | Reached XP level 1. HP: 16/16 MP: 1/1
   415 | D:1      | Reached skill level 2 in Throwing
   415 | D:1      | Gained mutation: A weak demonic guardian rushes to your aid. [demonic ancestry]
   415 | D:1      | Reached XP level 2. HP: 22/22 MP: 2/2
   752 | D:2      | Reached skill level 3 in Axes
   752 | D:2      | Reached skill level 3 in Dodging
   754 | D:2      | HP: 4/23 [gnoll/flail (11)]
   754 | D:2      | Slain by a gnoll

Skill      XL: |  1  2 |
---------------+-------+-----
Throwing       | 2 |  2.1
Axes           | 3 |  3.0
Dodging        | 3 |  3.0
Fighting       | |  2.4

Action                   || total
-------------------------++-------
Melee: War axe           ||    43
Armor: Leather armour    ||    12
Dodge: Dodged            ||    41

Vault maps used:
D:1:      lemuel_arrival_funnel, minmay_tromino_v2
D:2:      led_sif_pool, chequers_ecumenical_altar_simple,
          minmay_misc_feat_alley, uniq_sigmund

Table legend:
 A = Turns spent in this place as a percentage of turns spent in the entire game.
 B = Non-inter-level travel turns spent in this place as a percentage of non-inter-level travel turns spent in the entire game.
 C = Inter-level travel turns spent in this place as a percentage of turns spent in this place.
 D = Turns resting spent in this place as a percentage of non-inter-level travel turns spent in this place.
 E = Turns spent auto-exploring this place as a percentage of non-inter-level travel turns spent in this place.
 F = Non-inter-level travel turns spent in this place divided by the number of levels of this place that you've seen.
                   A       B       C       D       E      F
               +-------+-------+-------+-------+-------+----------------------
         Total | 100.0 | 100.0 |   4.5 |  17.2 |  71.4 | 360.0
       Dungeon | 100.0 | 100.0 |   4.5 |  17.2 |  71.4 | 360.0
               +-------+-------+-------+-------+-------+----------------------

Table legend:
 A = Kills in this place as a percentage of kills in entire the game.
 B = Kills by you in this place as a percentage of kills by you in the entire game.
 C = Kills by friends in this place as a percentage of kills by friends in the entire game.
 D = Other kills in this place as a percentage of other kills in the entire game.
 E = Experience gained in this place as a percentage of experience gained in the entire game.
 F = Experience gained in this place divided by the number of levels of this place that you have seen.
                   A       B       C       D       E      F
               +-------+-------+-------+-------+-------+----------------------
         Total | 100.0 | 100.0 | 100.0 |   N/A | 100.0 |  17.5
       Dungeon | 100.0 | 100.0 | 100.0 |   N/A | 100.0 |  17.5
               +-------+-------+-------+-------+-------+----------------------
